Map: Eternal Empire LE

Players

Reynor - Winner!

  • Race: Zerg Zerg
  • League: Master
  • Spawn Location: 1:00

LiquidClem (Clem)

  • Race: Terran Terran
  • League: Master
  • Spawn Location: 7:00

Event: DreamHack SC2 Masters 2020 Fall

VOD

https://youtu.be/MNhR0vYzpgk?t=2576

Description

Time

  • Played on: Sept. 20, 2020, 11:19 a.m.
  • Length: 20:01

All games in this series

Show
View Real Time Build Order
Export as new Build Order

Reynor Zerg - Winner!

Build Orders: Hatch First, Muta Ling Bane 

Get SALT Encoding   

  12  0:00  Drone  
  13  0:12  Overlord  
  13  0:17  Drone  
  14  0:30  Drone x2  
  16  0:47  Hatchery  
  15  0:50  Drone  
  15  0:54  Drone  
  17  0:58  Drone  
  18  1:09  Extractor  
  17  1:13  Spawning Pool  
  17  1:17  Drone  
  17  1:19  Drone  
  18  1:27  Drone  
  19  1:38  Drone  
  20  1:48  Overlord  
  20  2:00  Zergling x2, Queen x2  
  20  2:01  Zergling x2  
  26  2:11  Drone x2  
  28  2:24  Drone x2  
  30  2:33  Drone  
  30  2:35  Hatchery  
  29  2:40  Queen  
  29  2:43  Drone  
  32  2:48  Drone  
  32  2:53  Drone  
  32  2:54  Drone  
  34  2:59  Metabolic Boost  
  34  3:03  Drone  
  35  3:08  Overlord  
  35  3:12  Overlord  
  36  3:27  Drone x3  
  36  3:28  Drone  
  36  3:29  Queen, Drone  
  42  3:36  Zergling x2, Queen  
  42  3:38  Drone  
  46  3:43  Drone x3  
  46  3:47  Zergling x2, Queen  
  52  3:50  Drone x2  
  52  3:52  Drone  
  55  3:57  Overlord  
  55  3:58  Zergling x2  
  55  4:00  Drone  
  57  4:04  Overlord  
  57  4:12  Overlord  
  57  4:16  Queen, Drone x3  
  62  4:19  Drone  
  62  4:22  Drone x2  
  65  4:24  Lair  
  65  4:30  Queen  
  67  4:32  Baneling Nest  
  67  4:33  Drone x2  
  67  4:35  Zergling x2  
  67  4:36  Drone  
  70  4:38  Drone  
  70  4:39  Extractor  
  70  4:40  Drone  
  70  4:42  Overlord  
  70  4:45  Zergling x2  
  72  4:47  Drone x2  
  72  4:49  Overlord  
  74  4:54  Overlord  
  74  5:03  Zergling x12  
  74  5:04  Drone x2  
  74  5:05  Overlord  
  82  5:12  Spore Crawler  
  82  5:14  Zergling x6  
  82  5:15  Queen  
  82  5:19  Baneling x2  
  86  5:22  Baneling x3  
  86  5:28  Zergling x12  
  82  5:31  Drone  
  82  5:35  Baneling x3  
  78  5:38  Drone  
  78  5:42  Drone  
  80  5:45  Drone  
  80  5:48  Drone  
  76  5:51  Drone x2  
  78  5:57  Drone x2  
  78  5:58  Extractor  
  78  6:01  Extractor  
  77  6:07  Spire  
  77  6:08  Drone x2  
  78  6:12  Drone x3  
  81  6:22  Drone  
  81  6:23  Drone x2  
  74  6:35  Drone x2  
  74  6:36  Drone  
  74  6:38  Hatchery  
  76  6:43  Overlord  
  76  6:47  Drone x3  
  76  6:50  Drone x3  
  82  6:56  Drone  
  82  6:57  Drone  
  84  7:06  Drone x4  
  84  7:07  Drone x2  
  84  7:08  Drone  
  91  7:15  Overlord, Evolution Chamber  
  90  7:18  Baneling x3  
  90  7:19  Drone  
  90  7:24  Zerg Flyer Weapons Level 1, Drone  
  91  7:31  Mutalisk  
  91  7:32  Mutalisk  
  91  7:35  Mutalisk x2  
  91  7:36  Mutalisk  
  99  7:42  Mutalisk  
  103  7:44  Drone  
  103  7:45  Drone x2  
  106  7:54  Mutalisk  
  106  7:57  Drone x2  
  110  8:03  Overlord x3  
  110  8:04  Mutalisk, Extractor x2  
  110  8:07  Hatchery  
  109  8:13  Mutalisk  
  109  8:15  Drone x2  
  109  8:16  Overlord  
  113  8:25  Drone x5  
  113  8:26  Evolution Chamber  
  117  8:27  Evolution Chamber  
  117  8:32  Mutalisk x2  
  114  8:34  Drone x2  
  114  8:38  Mutalisk  
  114  8:41  Drone x5  
  121  8:45  Overlord  
  121  8:46  Drone  
  124  8:50  Centrifical Hooks  
  124  8:53  Drone x3  
  127  8:57  Overlord  
  127  8:58  Zerg Ground Armor Level 1  
  127  9:00  Zergling x8  
  131  9:03  Zerg Melee Weapons Level 1  
  131  9:11  Mutalisk  
  131  9:12  Drone  
  131  9:13  Drone x2  
  131  9:16  Mutalisk  
  136  9:17  Unknown  
  136  9:18  Zergling x4  
  139  9:24  Pneumatized Carapace  
  139  9:25  Baneling x2  
  139  9:28  Zergling x12  
  139  9:29  Zergling x6  
  139  9:31  Baneling x4  
  148  9:32  Baneling  
  148  9:36  Hatchery  
  147  9:38  Zergling x10  
  147  9:44  Baneling x4  
  152  9:46  Zergling x2  
  152  9:47  Zergling x4  
  155  9:56  Overlord x2  
  155  9:57  Zergling x24  
  155  9:59  Baneling x8  
  166  10:03  Overseer  
  161  10:09  Zergling x10  
  162  10:14  Baneling x6  
  162  10:17  Mutalisk x3  
  166  10:22  Drone x6  
  166  10:25  Mutalisk x2  
  176  10:31  Drone x3  
  179  10:36  Mutalisk x2  
  179  10:39  Zergling x4  
  179  10:41  Overlord  
  183  10:42  Baneling  
  183  10:43  Overlord, Baneling x7  
  183  10:49  Drone x2  
  179  10:51  Zerg Flyer Weapons Level 2, Drone x4  
  179  10:54  Baneling x3  
  179  10:55  Zergling x12  
  189  10:59  Extractor  
  189  11:01  Extractor  
  187  11:04  Overseer  
  187  11:07  Zerg Melee Weapons Level 2  
  187  11:09  Zergling x2  
  187  11:10  Zergling x10  
  193  11:13  Zerg Ground Armor Level 2  
  193  11:15  Drone x2  
  193  11:16  Drone x2  
  197  11:19  Zergling x6  
  197  11:25  Mutalisk  
  198  11:31  Mutalisk  
  200  11:34  Spore Crawler  
  200  11:35  Spine Crawler  
  200  11:36  Spine Crawler  
  197  11:40  Infestation Pit  
  196  11:48  Baneling x7  
  191  11:54  Zergling x2  
  191  11:55  Zergling x14  
  191  11:58  Hatchery  
  185  12:03  Zergling x34  
  185  12:05  Baneling x16  
  199  12:15  Mutalisk x4  
  192  12:17  Zergling x4  
  192  12:19  Zergling x8  
  197  12:24  Hive  
  197  12:34  Baneling  
  197  12:35  Baneling x12  
  197  12:36  Overseer  
  197  12:42  Baneling x7  
  197  12:43  Baneling x4  
  197  12:44  Drone  
  197  12:49  Overlord x2  
  198  13:08  Zerg Flyer Armor Level 1  
  188  13:13  Zergling x24  
  188  13:25  Zergling x2  
  188  13:26  Zergling x28  
  191  13:31  Zergling x18  
  193  13:35  Mutalisk  
  193  13:36  Zerg Ground Armor Level 3  
  193  13:37  Zerg Melee Weapons Level 3  
  193  13:38  Mutalisk x4  
  188  13:43  Zergling x4  
  188  13:44  Drone  
  188  13:45  Drone x3  
  194  13:50  Zergling x12  
  194  13:52  Adrenal Glands  
  200  13:59  Baneling  
  200  14:00  Baneling x6  
  191  14:11  Zergling x18  
  191  14:14  Baneling x11  
  197  14:25  Drone x2  
  197  14:28  Baneling x6  
  197  14:29  Burrow  
  197  14:30  Overlord  
  195  14:34  Zergling x2  
  195  14:35  Zergling x16  
  195  14:37  Baneling x12  
  176  14:47  Zergling x34  
  192  14:52  Zergling x2  
  192  14:53  Zergling x6  
  192  14:55  Ultralisk Cavern  
  192  14:58  Drone x3  
  186  15:08  Zergling x2  
  186  15:09  Zergling x22  
  186  15:12  Hatchery  
  186  15:13  Zergling x4  
  192  15:18  Baneling x8  
  184  15:24  Zergling x16  
  190  15:35  Zergling x8  
  190  15:46  Chitinous Plating  
  190  15:47  Baneling x14  
  190  15:48  Baneling x3  
  190  16:02  Hatchery  
  187  16:16  Zergling x24  
  187  16:17  Zergling x14  
  187  16:25  Zergling x2, Ultralisk x2  
  187  16:26  Zergling x2  
  187  16:30  Overlord  
  188  16:33  Zergling x4  
  190  16:48  Overlord  
  173  17:02  Zergling x14, Ultralisk x3  
  173  17:04  Zergling x2  
  196  17:20  Zergling x2  
  196  17:21  Zergling x12  
  200  17:29  Anabolic Synthesis, Baneling x18  
  200  17:34  Overseer  
  185  17:44  Zergling x24  
  185  17:45  Zergling x6  
  185  17:51  Zergling x18  
  197  17:55  Zergling x2, Ultralisk x2  
  197  17:58  Zergling x6  
  198  18:01  Zergling x4  
  198  18:04  Zergling x10  
  198  18:08  Zergling x6  
  198  18:11  Zergling x4  
  197  18:19  Zergling x6  
  199  18:23  Baneling x11  
  199  18:24  Baneling x12  
  199  18:28  Hatchery  
  192  18:39  Zergling x28  
  195  18:42  Zergling x6  
  195  18:48  Zergling x8  
  188  18:54  Zergling x4, Ultralisk x2  
  192  19:01  Zergling x18  
  198  19:08  Zergling x2  
  190  19:13  Zergling x10  
  190  19:19  Mutalisk  
  190  19:21  Mutalisk x2  
  191  19:29  Mutalisk x3  
  191  19:30  Mutalisk  
  190  19:34  Mutalisk x3  
  190  19:35  Mutalisk x5  
  190  19:37  Zergling x6  
  198  19:46  Drone  
Show
View Real Time Build Order
Export as new Build Order

LiquidClem Terran 

Build Orders: 2 Factory, Hellion Opening, Reaper Expand 

Get SALT Encoding   

  12  0:00  SCV  
  13  0:12  SCV  
  14  0:17  Supply Depot  
  14  0:24  SCV  
  15  0:39  SCV  
  15  0:40  Barracks  
  16  0:44  Refinery  
  16  0:51  SCV  
  17  1:03  SCV  
  18  1:15  SCV  
  19  1:27  Reaper  
  19  1:28  Orbital Command  
  20  1:39  Command Center  
  20  1:51  Supply Depot  
  21  1:54  SCV  
  21  1:59  Marine  
  22  2:06  SCV  
  23  2:13  Refinery  
  23  2:15  Factory  
  23  2:18  SCV  
  24  2:23  Barracks Reactor  
  24  2:30  SCV  
  25  2:42  SCV  
  26  2:49  Factory  
  26  2:51  Orbital Command  
  26  2:54  SCV  
  27  3:05  Hellion x2  
  31  3:06  SCV  
  31  3:08  Starport  
  32  3:16  SCV  
  32  3:19  SCV  
  34  3:27  Hellion x2  
  34  3:28  SCV  
  34  3:31  SCV  
  40  3:34  Factory Tech Lab  
  40  3:37  Supply Depot  
  40  3:43  Viking  
  40  3:46  SCV x2  
  44  3:52  Hellion  
  44  3:53  Infernal Pre-Igniter  
  46  3:59  Hellion x2  
  46  4:01  Supply Depot  
  50  4:03  SCV  
  50  4:04  SCV  
  50  4:09  Supply Depot  
  52  4:13  Medivac  
  54  4:22  SCV x2  
  56  4:24  Armory  
  56  4:26  Hellion  
  56  4:27  Hellion  
  62  4:34  SCV  
  62  4:36  SCV  
  64  4:43  Supply Depot  
  64  4:47  SCV  
  64  4:48  SCV, Hellion  
  64  4:49  Hellion  
  68  4:59  Hellion  
  70  5:05  SCV x2, Liberator  
  70  5:06  Supply Depot  
  75  5:08  Supply Depot  
  75  5:12  Marine  
  78  5:14  Hellion  
  78  5:21  SCV  
  78  5:24  SCV  
  78  5:25  Hellion  
  76  5:30  Marine  
  76  5:33  SCV  
  71  5:36  SCV  
  71  5:45  SCV  
  71  5:47  Marine  
  71  5:48  SCV  
  73  5:57  SCV  
  73  5:59  Hellion x7  
  73  6:00  Command Center  
  73  6:03  SCV  
  73  6:05  Marine  
  73  6:09  SCV  
  71  6:13  Hellion  
  71  6:14  Hellion  
  71  6:15  SCV  
  70  6:21  SCV  
  72  6:27  SCV, Hellion  
  72  6:34  SCV  
  72  6:35  Starport Reactor  
  72  6:36  Barracks Tech Lab  
  72  6:39  SCV, Barracks  
  71  6:43  Hellion x2  
  71  6:46  SCV  
  76  6:48  Supply Depot  
  76  6:52  SCV  
  77  6:55  Engineering Bay  
  77  6:56  Engineering Bay, Stimpack  
  77  6:59  Marine  
  78  7:02  SCV  
  78  7:03  Barracks  
  78  7:05  SCV  
  78  7:12  Refinery  
  78  7:13  Refinery  
  78  7:14  SCV  
  79  7:19  Supply Depot  
  79  7:20  Marine  
  79  7:21  Orbital Command  
  80  7:23  Drilling Claws  
  80  7:25  SCV  
  80  7:26  SCV  
  80  7:29  Starport Reactor  
  84  7:30  Widow Mine  
  84  7:34  Terran Infantry Weapons Level 1, Terran Infantry Armor Level 1  
  84  7:37  Widow Mine  
  84  7:39  Marine  
  84  7:40  SCV  
  84  7:41  Orbital Command  
  84  7:42  Widow Mine  
  90  7:45  SCV  
  89  7:51  Marine x2  
  89  7:52  Barracks Reactor  
  89  7:54  SCV  
  89  7:57  SCV  
  93  8:01  Barracks  
  93  8:03  Barracks  
  94  8:06  SCV  
  94  8:09  Missile Turret  
  96  8:12  Widow Mine  
  96  8:13  Widow Mine  
  96  8:16  Marine x2  
  96  8:19  SCV x2  
  100  8:21  Widow Mine  
  100  8:22  Marine  
  103  8:27  SCV  
  103  8:28  Missile Turret  
  103  8:31  SCV x2  
  103  8:32  Marine  
  103  8:34  Marine x2  
  106  8:37  Supply Depot  
  106  8:39  SCV, Widow Mine x2  
  113  8:42  Medivac x2  
  113  8:43  SCV  
  113  8:44  SCV, Marine  
  113  8:46  Marine  
  121  8:51  SCV  
  123  8:55  SCV  
  123  8:56  SCV  
  123  8:58  Thor  
  123  8:59  Hellion x7  
  130  9:02  Marine  
  130  9:03  Marine  
  130  9:05  Barracks Tech Lab x2  
  130  9:07  Barracks Reactor  
  130  9:08  Marine  
  133  9:12  Supply Depot  
  133  9:13  Supply Depot  
  133  9:15  Medivac x2, Missile Turret, Refinery, Widow Mine x2  
  141  9:22  Command Center  
  141  9:26  SCV x3, Marine x4  
  141  9:27  Marine  
  141  9:29  Combat Shield  
  149  9:33  Marine  
  149  9:38  Supply Depot  
  149  9:41  Widow Mine x2  
  149  9:44  Marine x3  
  149  9:45  Medivac x2  
  158  9:48  Terran Infantry Weapons Level 2  
  158  9:51  Marine x3  
  161  9:56  Terran Infantry Armor Level 2  
  161  10:03  Thor  
  161  10:05  Marine  
  161  10:06  Marine  
  161  10:07  Marine  
  169  10:09  SCV  
  169  10:11  Supply Depot  
  169  10:13  Supply Depot, Marine  
  172  10:17  Marine x2  
  173  10:25  Supply Depot, Widow Mine  
  173  10:32  Marine  
  173  10:33  Marauder, Widow Mine, Marine  
  173  10:35  Missile Turret  
  179  10:39  Marine  
  179  10:40  SCV, Marine  
  180  10:44  Marine  
  180  10:46  Missile Turret, Widow Mine  
  180  10:48  Marine  
  184  10:50  Medivac, Marauder  
  184  10:51  Widow Mine  
  184  10:52  Marine x2  
  184  10:54  Terran Vehicle And Ship Armor Level 1  
  188  10:57  SCV x2  
  188  10:58  SCV, Marine  
  188  11:01  Marauder  
  188  11:03  Planetary Fortress  
  192  11:09  SCV  
  193  11:12  Unknown  
  193  11:15  Command Center  
  193  11:18  Marauder  
  195  11:20  Widow Mine x2  
  198  11:28  Widow Mine  
  197  11:36  Concussive Shells  
  197  11:37  Marauder, Barracks  
  197  11:38  Barracks x2  
  199  11:51  Widow Mine  
  199  11:52  Marine  
  200  11:56  Widow Mine  
  200  11:58  Medivac  
  200  11:59  Marine  
  200  12:00  Marauder, Widow Mine, Marine x3  
  196  12:04  Marauder, Marine  
  197  12:10  Marine  
  197  12:12  Widow Mine  
  197  12:14  Terran Infantry Weapons Level 3, Terran Infantry Armor Level 3  
  180  12:17  Marine x3, Widow Mine  
  180  12:18  Marine  
  180  12:19  Liberator  
  180  12:21  Marauder  
  180  12:22  Widow Mine, Marine  
  176  12:23  Marine  
  176  12:26  Marauder  
  176  12:28  Marine  
  176  12:31  Marine  
  176  12:32  Marine  
  176  12:35  Marine x4  
  182  12:40  Marine  
  182  12:41  Marine  
  182  12:43  Marauder  
  186  12:45  Missile Turret  
  186  12:46  Missile Turret, Marine  
  186  12:47  Marauder  
  186  12:49  Widow Mine x3, Marine x2  
  197  12:52  SCV  
  197  12:53  SCV, Marine  
  197  12:55  Terran Vehicle And Ship Armor Level 2  
  200  13:04  Planetary Fortress  
  195  13:13  Medivac x2  
  195  13:15  Widow Mine, Marine  
  184  13:24  Widow Mine  
  184  13:25  Widow Mine  
  169  13:29  Marine  
  169  13:30  SCV  
  169  13:31  Marine x2  
  165  13:35  SCV x2  
  165  13:37  Missile Turret  
  165  13:38  Missile Turret, Widow Mine  
  165  13:39  Supply Depot x2, Marine x4  
  165  13:40  Supply Depot, Marauder x2  
  171  13:45  Thor  
  171  13:47  Marine  
  176  13:48  SCV  
  176  13:49  SCV  
  176  13:54  Marine  
  176  13:55  Marine  
  179  14:00  Marine x6  
  179  14:01  Marauder x2, Widow Mine  
  187  14:06  Marine, Widow Mine  
  185  14:12  Marine  
  185  14:13  Marine  
  185  14:15  Missile Turret  
  184  14:18  Marine x6  
  184  14:22  Widow Mine  
  184  14:23  Marauder x2  
  184  14:24  Marine  
  196  14:27  Widow Mine  
  196  14:30  Marine x2  
  199  14:35  Widow Mine  
  199  14:36  Command Center, Marine x3  
  200  14:39  Command Center  
  200  14:44  Widow Mine  
  200  14:45  SCV  
  188  14:46  SCV x2, Liberator  
  188  14:48  Marauder, Marine  
  188  14:49  Widow Mine  
  188  14:50  Marine x2  
  194  15:05  Widow Mine  
  193  15:10  Marauder  
  193  15:11  Marine x2  
  190  15:16  Command Center  
  190  15:17  Liberator  
  190  15:18  Hellion, Widow Mine  
  190  15:19  Marauder, Marine x2  
  190  15:20  SCV, Marine  
  190  15:21  Marine  
  198  15:23  SCV  
  199  15:29  Command Center  
  196  15:37  Supply Depot  
  196  15:38  Command Center  
  196  15:44  Marine  
  196  15:47  SCV, Marine x3  
  200  15:50  Command Center  
  200  15:55  Marine x2  
  200  15:56  SCV  
  199  16:11  Marine  
  199  16:14  Marine  
  199  16:16  Marine  
  185  16:18  Missile Turret, Marine x2  
  185  16:19  Marine x2  
  185  16:21  Missile Turret, Widow Mine  
  181  16:28  Widow Mine  
  181  16:32  SCV x2  
  185  16:34  Missile Turret  
  185  16:35  Missile Turret  
  185  16:36  Thor  
  185  16:37  Marauder  
  185  16:38  Marine  
  191  16:43  Medivac  
  191  16:44  Marine x2  
  191  16:47  SCV, Marauder, Widow Mine, Marine x2  
  193  16:50  Missile Turret  
  193  16:51  Missile Turret  
  198  16:56  Widow Mine  
  198  17:00  SCV  
  176  17:05  Marine x2  
  176  17:06  Planetary Fortress, Marauder  
  176  17:08  Orbital Command, Widow Mine  
  182  17:10  SCV x2  
  183  17:17  SCV, Widow Mine  
  183  17:20  Marine  
  183  17:22  Marine x2  
  189  17:25  SCV x2  
  189  17:28  SCV  
  192  17:32  Widow Mine  
  192  17:33  Marauder  
  192  17:35  Widow Mine  
  198  17:40  Marauder  
  183  17:46  SCV x2  
  183  17:51  SCV x2  
  159  17:54  Marauder  
  140  17:59  SCV  
  140  18:01  Marauder  
  140  18:03  Widow Mine  
  143  18:07  Orbital Command  
  139  18:13  Marine x2  
  139  18:15  SCV  
  139  18:16  Marauder  
  139  18:18  SCV  
  143  18:23  Marauder  
  143  18:24  SCV x3  
  144  18:37  Marauder  
  144  18:40  Widow Mine, Marine x2  
  146  18:44  Marauder  
  130  18:54  Marine x2  
  127  18:57  Marine x2  
  127  18:58  Marauder  
  127  18:59  Widow Mine  
  127  19:00  Widow Mine  
  127  19:01  Marine x3, Barracks Tech Lab  
  120  19:03  Medivac  
  120  19:05  Marauder  
  120  19:07  Widow Mine  
  120  19:08  Marine  
  105  19:12  Orbital Command, Marine  
  105  19:15  Marine  
  105  19:18  Liberator  
  105  19:20  Marauder  
  105  19:21  Widow Mine  
  105  19:23  Orbital Command  
  101  19:24  Marauder, Marine x2  
  101  19:26  Orbital Command, Widow Mine  
  101  19:27  Marauder  
  104  19:33  SCV, Marine  
  104  19:36  Widow Mine  
  104  19:38  Marine x2  

Tags
 
Add a new tag
Caveats
  • Supply blocks, unpowered buildings, or Contaminate may cause inaccurate times.
  • Supply counts are checked every 10 seconds.